 Dungeon Crawl Stone Soup version 0.13.1-34-g5444d2b (console) character file.

126 dishonesty the Chopper (level 4, 0/58 HPs)
             Began as a Centaur Berserker on Mar 25, 2014.
             Was a Believer of Trog.
             Killed from afar by Sigmund (7 damage)
             ... with a magic dart
             ... on Level 3 of the Dungeon.
             The game lasted 00:02:33 (454 turns).

dishonesty the Chopper (Centaur Berserker)           Turns: 454, Time: 00:02:34

HP   0/58        AC  4     Str 25      XL: 4   Next: 20%
MP   2/2         EV  9     Int  7      God: Trog [**....]
Gold 45          SH  0     Dex  8      Spells:  0 memorised,  3 levels left

Res.Fire  : . . .   See Invis. : .   l - +0 war axe
Res.Cold  : . . .   Warding    : .   b - +0 animal skin
Life Prot.: . . .   Conserve   : .   (no shield)
Res.Poison: .       Res.Corr.  : .   (no helmet)
Res.Elec. : .       Clarity    : .   (no cloak)
Sust.Abil.: . .     Spirit.Shd : .   (no gloves)
Res.Mut.  : .       Stasis     : .   (no barding)
Res.Rott. : .       Flight     : .   (no amulet)
Saprovore : . . .                    (no ring)
                                     (no ring)

@: berserking (expiring), very quick, slightly resistant to hostile
enchantments, extremely unstealthy
A: hooves 3, deformed body, herbivore 1, speed 2, fast metabolism 1, tough skin
3
a: Burn Spellbooks, Berserk, Trog's Hand, Renounce Religion


You were on level 3 of the Dungeon.
You worshipped Trog.
Trog was pleased with you.
You were not hungry.

You visited 1 branch of the dungeon, and saw 3 of its levels.

You collected 25 gold pieces.

Inventory:

Hand weapons
 a - a +0,+0 hand axe {=f}
 l - a +0,+0 war axe (weapon)
Armour
 b - a +0 animal skin (worn)
 g - a cursed -1 chain mail
 i - a +0 scale mail
 m - a +0 scale mail
Comestibles
 c - 3 bread rations
 n - a choko
 p - a lychee
Scrolls
 d - a scroll of fear {unknown}
 j - 2 scrolls of recharging {unknown}
 o - a scroll of magic mapping {unknown}
 q - a scroll of teleportation {unknown}
Potions
 e - 2 potions of curing
 f - a potion of heal wounds {unknown}
 h - a potion of brilliance {unknown}
 k - a potion of paralysis {unknown}


   Skills:
 - Level 3.0 Fighting
 + Level 4.6 Axes
 - Level 1.3 Armour
 - Level 1.3 Dodging


You had 3 spell levels left.
You didn't know any spells.

Dungeon Overview and Level Annotations

Branches:
Dungeon (3/27)

Altars:

Annotations:
D:3 Sigmund


Innate Abilities, Weirdness & Mutations

You have hooves in place of feet.
Armour fits poorly on your strangely shaped body.
You digest meat inefficiently.
You cover ground very quickly.
You have a fast metabolism.
You have extremely tough skin (AC +3).


Message History

A red film seems to cover your vision as you go berserk!
You feel yourself moving faster!
You feel mighty!
You feel somewhat more hungry.
You slash the ooze!
You kill the ooze!
Trog accepts your kill. The puff of flame hits you!
Your skin stops crawling.
You feel less resistant to hostile enchantments.
The magic dart hits you!
* * * LOW HITPOINT WARNING * * *
You feel a strong urge to attack something.
You slash it! You kick it! It hits you!
* * * LOW HITPOINT WARNING * * *
You miss it. You closely miss it.
Sigmund appears from thin air!
Reactivating autopickup.
Sigmund casts a spell at you. The magic dart hits you!
You die...

.........#....##.#
....##.###....##.#
.......)......##.#
....)..).)....##.#
....##.###....##.#
....##.# ...###.#
....##.# ...# #.#
#..###.# #...# #.#
#..###.###...###@#
...##.........##@#
..............##.#
#.###.........##.#
.>....{.# #..# #.#
#.###...###..###.#
... #.......J....#
... #...###..#####
....##..# #..#


You could see Sigmund.

Vanquished Creatures
  An orc priest (D:3)
  2 adders
  A giant gecko (D:3)
  An ooze (D:3)
  3 orcs (D:3)
  A giant cockroach (D:3)
  2 goblins (D:2)
  3 hobgoblins
  3 jackals (D:1)
  3 kobolds
  A bat (D:1)
  4 giant newts
  2 rats
27 creatures vanquished.

Notes
Turn   | Place    | Note
--------------------------------------------------------------
     0 | D:1      | dishonesty, the Centaur Berserker, began the quest for the Orb.
     0 | D:1      | Reached XP level 1. HP: 19/19 MP: 0/0
    99 | D:1      | Reached XP level 2. HP: 20/26 MP: 1/1
   191 | D:2      | Acquired Trog's second power
   312 | D:3      | Reached XP level 3. HP: 15/33 MP: 2/2
   359 | D:2      | Reached skill level 4 in Axes
   396 | D:3      | Reached XP level 4. HP: 10/39 MP: 2/2
   410 | D:3      | Noticed Sigmund
   454 | D:3      | Killed from afar by Sigmund

Action                   |  1- 3 |  4- 6 || total
-------------------------+-------+-------++-------
Melee: Hand axe          |    26 |       ||    26
       War axe           |    30 |    11 ||    41
Invok: Berserk           |     1 |     1 ||     2
       Trog's Hand       |       |     2 ||     2
  Use: Potion            |       |     2 ||     2
